[Event "FIDE WCCC Open-12 2024"]
[Site "Montesilvano"]
[Date "2024.11.25"]
[Round "10.21"]
[White "Mai, Duc Kien"]
[Black "Antipov, Fedor"]
[Result "0-1"]
[ECO "B23"]
[WhiteElo "1771"]
[BlackElo "1991"]
[Annotator "NA RC"]
[PlyCount "110"]
[EventDate "2024.11.18"]
[EventType "swiss"]
[EventCountry "ITA"]
[SourceTitle "playchess.com"]
[Source "ChessBase"]
[SourceQuality "1"]
[TimeControl "5400+30"]

1. e4 c5 2. Nc3 e6 3. d4 cxd4 4. Qxd4 Nc6 5. Qd3 Qc7 6. Be3 a6 7. O-O-O Nf6 8. f3 h5 9. Kb1 b5 10. Be2 d6 11. Bf4 Ne5 12. Qd4 Rb8 13. Rd2 Nc4 14. Bxc4 e5 15. Qf2 bxc4 16. Bg5 Qa5 17. Qe3 Be6 18. Nge2 Be7 19. Bxf6 Qa3 20. b3 Bxf6 21. Nd5 Bd8 22. Rdd1 O-O 23. Qc1 Qc5 24. Qe3 Qxe3 25. Nxe3 cxb3 26. axb3 Bxb3 27. cxb3 Rxb3+ 28. Kc2 Rxe3 29. Kd2 Ra3 30. Ra1 Bg5+ 31. Kc2 Rc8+ 32. Kb2 Rd3 33. Rhd1 Re3 34. Re1 Rc6 35. Ng3 Rec3 36. Ne2 Rc2+ 37. Kb3 R2c5 38. h4 Bxh4 39. Rec1 Rb5+ 40. Ka4 Rxc1 41. Rxc1 Rb2 42. Nc3 Rxg2 43. Rh1 Bd8 44. Rxh5 Rg3 45. Nd5 Rxf3 46. Rh2 Rd3 47. Rc2 Rd4+ 48. Kb3 Bg5 49. Rc6 Rxe4 50. Rxa6 Rd4 51. Rxd6 g6 52. Kc3 Kg7 53. Rd7 Bd2+ 54. Kc2 Ba5 55. Kc1 g5 0-1

[Event "FIDE WCCC Open-12 2024"]
[Site "Montesilvano"]
[Date "2024.11.25"]
[Round "10.22"]
[White "Ritzerveld, Noah"]
[Black "Hallmundarson, Birkir"]
[Result "1-0"]
[ECO "B39"]
[WhiteElo "2285"]
[BlackElo "1914"]
[Annotator "RC"]
[PlyCount "59"]
[EventDate "2024.11.18"]
[EventType "swiss"]
[EventCountry "ITA"]
[SourceTitle "playchess.com"]
[Source "ChessBase"]
[SourceQuality "1"]
[TimeControl "5400+30"]

1. e4 c5 2. Nf3 Nc6 3. d4 cxd4 4. Nxd4 g6 5. c4 Bg7 6. Be3 Nf6 7. Nc3 Ng4 8. Qxg4 Nxd4 9. Qd1 e5 10. Bd3 O-O 11. O-O b6 12. Qd2 Bb7 13. Rad1 Ne6 14. Bc2 Bc6 15. Nd5 f5 16. exf5 gxf5 17. f4 e4 18. g4 fxg4 19. f5 Nc7 20. Bg5 Qb8 21. Ne7+ Kf7 22. f6 Bh8 23. Nxc6 dxc6 24. Qd7+ Kg8 25. Bxe4 Rf7 26. Bxh7+ Rxh7 27. f7+ Kf8 28. Qe7+ Kg7 29. f8=N+ Kg8 30. Qxh7# 1-0

[Event "FIDE WCCC Open-12 2024"]
[Site "Montesilvano"]
[Date "2024.11.25"]
[Round "10.23"]
[White "Saminskij, Jan"]
[Black "Rueda Ahumada, Gabriel Omar"]
[Result "1-0"]
[ECO "C45"]
[WhiteElo "2202"]
[BlackElo "1928"]
[Annotator "RC"]
[PlyCount "94"]
[EventDate "2024.11.18"]
[EventType "swiss"]
[EventCountry "ITA"]
[SourceTitle "playchess.com"]
[Source "ChessBase"]
[SourceQuality "1"]
[TimeControl "5400+30"]

1. e4 e5 2. Nf3 Nc6 3. d4 exd4 4. Nxd4 Bc5 5. Nb3 Bb6 6. Nc3 Nf6 7. Qe2 a5 8. a4 Nb4 9. Bg5 h6 10. Bh4 O-O 11. O-O-O Re8 12. f3 Qe7 13. g4 d6 14. Bf2 Qe5 15. Bxb6 cxb6 16. Qd2 Rd8 17. h3 Nh7 18. f4 Qe7 19. Bc4 Be6 20. Bxe6 Qxe6 21. Qd4 b5 22. f5 Qc8 23. axb5 Qc7 24. Rd2 Ng5 25. Rf2 f6 26. Kb1 Nf7 27. Rd1 Ne5 28. Nd5 Nxd5 29. Qxd5+ Kh7 30. Re2 a4 31. Nd4 Qb6 32. Ne6 Rd7 33. c4 Qa5 34. Rc1 a3 35. b3 Kh8 36. Ka2 Qa7 37. Qd4 Qb8 38. Nf4 Qd8 39. Rc3 b6 40. Ne6 Qb8 41. Rg2 g5 42. fxg6 Re7 43. Nf4 Kg7 44. h4 Nd7 45. g5 hxg5 46. hxg5 Re5 47. Rh3 Kf8 1-0

[Event "FIDE WCCC Open-12 2024"]
[Site "Montesilvano"]
[Date "2024.11.25"]
[Round "10.24"]
[White "Tona, Leonardo"]
[Black "Diachek, Andrii"]
[Result "0-1"]
[ECO "D02"]
[WhiteElo "1906"]
[BlackElo "2162"]
[Annotator "RC"]
[PlyCount "136"]
[EventDate "2024.11.18"]
[EventType "swiss"]
[EventCountry "ITA"]
[SourceTitle "playchess.com"]
[Source "ChessBase"]
[SourceQuality "1"]
[TimeControl "5400+30"]

1. d4 Nf6 2. Nf3 e6 3. g3 c5 4. c3 d5 5. Bg2 Nc6 6. O-O Qb6 7. e3 Be7 8. Nbd2 O-O 9. Re1 Bd7 10. Ne5 Qc7 11. Nxc6 Bxc6 12. a4 b6 13. b3 Bb7 14. Bb2 Rfc8 15. Rc1 cxd4 16. exd4 a6 17. c4 dxc4 18. bxc4 Bxg2 19. Kxg2 Qb7+ 20. Qf3 Qxf3+ 21. Kxf3 b5 22. cxb5 Rcb8 23. Ne4 axb5 24. Nxf6+ Bxf6 25. axb5 Rxb5 26. Rc2 g6 27. Ree2 g5 28. h3 Kg7 29. Ke4 Ra4 30. f4 Kg6 31. Rcd2 Rab4 32. Bc3 Rb1 33. Rb2 R5xb2 34. Bxb2 Rd1 35. Bc3 Rh1 36. fxg5 Kxg5 37. h4+ Kg6 38. Re3 Rd1 39. Rd3 Rxd3 40. Kxd3 Kf5 41. Ke3 Kg4 42. Kf2 h5 43. Kg2 Bg7 44. Bb2 Bh8 45. Bc3 Bf6 46. Bb2 Bd8 47. Bc3 Bb6 48. Kh2 Bc7 49. Be1 Kf3 50. Kh3 Bd6 51. Kh2 Ke2 52. Bc3 Kf2 53. Kh3 Kf3 54. Be1 Bc7 55. Kh2 Bb8 56. Kh3 Bd6 57. Kh2 Ba3 58. Bc3 Bc1 59. Kh3 Be3 60. Kh2 Bf2 61. Kh3 Bxg3 62. Bd2 Bf2 63. Bc3 Ke4 64. Bb2 Bxd4 65. Bc1 Kf3 66. Bd2 e5 67. Be1 e4 68. Bg3 Bf2 0-1

[Event "FIDE WCCC Open-12 2024"]
[Site "Montesilvano"]
[Date "2024.11.25"]
[Round "10.25"]
[White "Xia, Jinnan"]
[Black "Shilon Rahav, Eliran"]
[Result "1-0"]
[ECO "D35"]
[WhiteElo "1850"]
[BlackElo "2150"]
[Annotator "RC"]
[PlyCount "135"]
[EventDate "2024.11.18"]
[EventType "swiss"]
[EventCountry "ITA"]
[SourceTitle "playchess.com"]
[Source "ChessBase"]
[SourceQuality "1"]
[TimeControl "5400+30"]

1. d4 d5 2. c4 e6 3. Nc3 Nf6 4. cxd5 exd5 5. Bg5 Be6 6. e3 Nbd7 7. Bd3 c6 8. Nge2 h6 9. Bh4 g5 10. Bg3 Nh5 11. O-O Nxg3 12. Nxg3 h5 13. f4 gxf4 14. exf4 Nf6 15. Re1 Be7 16. f5 Bc8 17. Na4 Kf8 18. Qd2 Bd6 19. Nf1 Qc7 20. Qg5 Ng4 21. g3 Be7 22. Qd2 Bf6 23. Bc2 Nh6 24. Re3 Kg7 25. Rf3 b6 26. Ne3 Bb7 27. Nc3 Rad8 28. Bb3 Rhe8 29. Ng2 c5 30. Ne2 Kh7 31. Ngf4 Qe7 32. Ba4 Rg8 33. Nxh5 Bg5 34. f6 Qe4 35. Rf4 Qe6 36. Qd3+ Rg6 37. Bc2 Re8 38. Rf2 Ng4 39. Rg2 Ne3 40. Nef4 Qe4 41. Qxe4 dxe4 42. Ba4 Nxg2 43. Nxg6 Rd8 44. Ne5 Rxd4 45. Nxf7 Be3+ 46. Kxg2 Rxa4 47. Nd6 Bd5 48. b3 Rd4 49. Nf5 Rd2+ 50. Kh3 Bd4 51. Rf1 e3 52. Nf4 Rf2 53. Nxe3 Rxf1 54. Nxf1 Be4 55. Nd2 Bc2 56. f7 Kg7 57. Ne6+ Kxf7 58. Nxd4 cxd4 59. Kg4 a5 60. Kf4 Ke6 61. h4 b5 62. g4 b4 63. h5 a4 64. bxa4 Bxa4 65. Nb3 Kd5 66. h6 d3 67. h7 d2 68. Nxd2 1-0

[Event "FIDE WCCC Open-12 2024"]
[Site "Montesilvano"]
[Date "2024.11.25"]
[Round "10.26"]
[White "Huseynov, Ahmed"]
[Black "Belin, Anton"]
[Result "1-0"]
[ECO "D00"]
[WhiteElo "1886"]
[BlackElo "2138"]
[Annotator "RC"]
[PlyCount "117"]
[EventDate "2024.11.18"]
[EventType "swiss"]
[EventCountry "ITA"]
[SourceTitle "playchess.com"]
[Source "ChessBase"]
[SourceQuality "1"]
[TimeControl "5400+30"]

1. d4 Nf6 2. Bg5 d5 3. e3 e6 4. Nd2 Be7 5. Bd3 O-O 6. f4 b6 7. Qe2 Nbd7 8. Nh3 c5 9. c3 Bb7 10. Nf2 h6 11. h4 Re8 12. g4 cxd4 13. cxd4 Bb4 14. Bxf6 gxf6 15. a3 Bxd2+ 16. Qxd2 Rc8 17. O-O f5 18. g5 hxg5 19. hxg5 Kg7 20. Kg2 Qe7 21. Rh1 Rh8 22. Qb4 Qxb4 23. axb4 Rxh1 24. Nxh1 a6 25. b5 a5 26. Kf3 Nf8 27. Ng3 Ng6 28. Ne2 Ne7 29. Nc3 Rc7 30. Ke2 Nc8 31. Na4 Kg6 32. Kd2 Kg7 33. b3 Kg6 34. Rh1 Kg7 35. Rh6 Re7 36. Nc3 Nd6 37. Ne2 Rc7 38. Ng3 Ne4+ 39. Bxe4 dxe4 40. Nh5+ Kf8 41. Nf6 Ke7 42. Rh8 Rc8 43. Rh7 Rc7 44. Ng8+ Kf8 45. Nh6 Re7 46. Rh8+ Kg7 47. Rb8 Bd5 48. Ng8 Rb7 49. Rc8 f6 50. Nxf6 Bxb3 51. Rg8+ Kf7 52. Rh8 Re7 53. Rh7+ Kf8 54. Nd7+ Ke8 55. Rxe7+ Kxe7 56. Nxb6 a4 57. Kc3 Kf7 58. Nc4 Ke7 59. b6 1-0

[Event "FIDE WCCC Open-12 2024"]
[Site "Montesilvano"]
[Date "2024.11.25"]
[Round "10.27"]
[White "Berdashkevich, Makar"]
[Black "Obidov, Biloliddin"]
[Result "1-0"]
[ECO "B55"]
[WhiteElo "1848"]
[BlackElo "2088"]
[Annotator "NA RC"]
[PlyCount "123"]
[EventDate "2024.11.18"]
[EventType "swiss"]
[EventCountry "ITA"]
[SourceTitle "playchess.com"]
[Source "ChessBase"]
[SourceQuality "1"]
[TimeControl "5400+30"]

1. e4 c5 2. Nf3 d6 3. d4 cxd4 4. Nxd4 Nf6 5. f3 e5 6. Nb3 d5 7. Bg5 d4 8. c3 Nc6 9. cxd4 Bb4+ 10. Bd2 Nxe4 11. Bxb4 Qh4+ 12. g3 Nxg3 13. hxg3 Qxh1 14. Bc5 Bh3 15. N1d2 O-O-O 16. Qc2 Bxf1 17. O-O-O Qh6 18. Rxf1 b6 19. Qf5+ Kb8 20. Ba3 exd4 21. Qxf7 Ne5 22. Qf5 Nc4 23. Rd1 Rhe8 24. Qd3 Nxd2 25. Nxd2 Re3 26. Qf5 Qc6+ 27. Kb1 Rc8 28. b3 g6 29. Qf4+ Ka8 30. Rc1 Rc3 31. Qe4 Rxc1+ 32. Bxc1 Kb7 33. Bb2 Qxe4+ 34. Nxe4 Rf8 35. f4 d3 36. Kc1 Rc8+ 37. Bc3 Kc6 38. Kd2 Rd8 39. Ng5 Rd7 40. Nf3 Kd5 41. Kxd3 Ke6+ 42. Ke4 Rc7 43. Be5 Rc1 44. g4 h5 45. f5+ gxf5+ 46. gxf5+ Kd7 47. f6 Rc2 48. Ng5 h4 49. Kf5 Rxa2 50. f7 Rf2+ 51. Kg6 Ke7 52. Bd6+ Kd7 53. f8=Q Rxf8 54. Bxf8 a5 55. Kf5 Kc6 56. Ke5 Kb5 57. Kd4 a4 58. b4 a3 59. Kc3 Ka4 60. Be7 a2 61. Kb2 b5 62. Nh3 1-0

[Event "FIDE WCCC Open-12 2024"]
[Site "Montesilvano"]
[Date "2024.11.25"]
[Round "10.28"]
[White "Filindash, Nikita"]
[Black "Matejka, Simon"]
[Result "1/2-1/2"]
[ECO "E59"]
[WhiteElo "2076"]
[BlackElo "1924"]
[Annotator "RC"]
[PlyCount "93"]
[EventDate "2024.11.18"]
[EventType "swiss"]
[EventCountry "ITA"]
[SourceTitle "playchess.com"]
[Source "ChessBase"]
[SourceQuality "1"]
[TimeControl "5400+30"]

1. d4 Nf6 2. c4 e6 3. Nc3 Bb4 4. e3 O-O 5. Bd3 d5 6. Nf3 c5 7. O-O Nc6 8. a3 Bxc3 9. bxc3 dxc4 10. Bxc4 Qc7 11. Bb2 Rd8 12. Rc1 e5 13. h3 Bf5 14. Qe2 h6 15. Ba2 e4 16. Nd2 Rd7 17. Nb3 b6 18. c4 cxd4 19. Nxd4 Bg6 20. c5 Nxd4 21. Bxd4 bxc5 22. Rxc5 Qd8 23. Qc4 Ne8 24. Rc1 Nd6 25. Qa6 Kh7 26. Bd5 Rb8 27. Rc6 Nf5 28. Bxe4 Nxd4 29. Bxg6+ fxg6 30. exd4 Rxd4 31. Rxg6 Rd1+ 32. Rxd1 Qxd1+ 33. Kh2 Rf8 34. Rg4 Qd7 35. Qg6+ Kg8 36. Rg3 Qc7 37. Qe6+ Kh8 38. Qe3 Rf6 39. Kg1 Rc6 40. Qe8+ Kh7 41. Qe4+ Kh8 42. f4 Rf6 43. Rg4 Qc1+ 44. Kh2 Qxa3 45. Qb7 Qf8 46. Qxa7 Rxf4 47. Rxf4 1/2-1/2

[Event "FIDE WCCC Open-12 2024"]
[Site "Montesilvano"]
[Date "2024.11.25"]
[Round "10.29"]
[White "Kozhedub, Ivan"]
[Black "Fulgentini, Edoardo"]
[Result "0-1"]
[ECO "B25"]
[WhiteElo "1826"]
[BlackElo "2075"]
[Annotator "RC"]
[PlyCount "82"]
[EventDate "2024.11.18"]
[EventType "swiss"]
[EventCountry "ITA"]
[SourceTitle "playchess.com"]
[Source "ChessBase"]
[SourceQuality "1"]
[TimeControl "5400+30"]

1. e4 c5 2. Nc3 Nc6 3. g3 d6 4. Bg2 g6 5. d3 Bg7 6. Nge2 e5 7. O-O Nge7 8. f4 Nd4 9. fxe5 dxe5 10. Bg5 h6 11. Bf6 Bxf6 12. Rxf6 O-O 13. Qd2 Kg7 14. Raf1 Be6 15. Nd1 c4 16. Ne3 Nxe2+ 17. Qxe2 cxd3 18. cxd3 Qd4 19. b3 Rad8 20. R6f2 Qxd3 21. Qf3 Kh7 22. Re1 Qc3 23. Ree2 Rd3 24. Bf1 Qc5 25. b4 Qd4 26. Re1 Qxb4 27. Bxd3 Qxe1+ 28. Kg2 Nc6 29. Nf5 Nd4 30. Qg4 gxf5 31. exf5 Bd5+ 32. Kh3 Rg8 33. f6+ e4 34. Qf4 exd3 35. Qxd4 Qe6+ 36. Kh4 Qe4+ 37. Rf4 Qxd4 38. Rxd4 Be6 39. Rxd3 Rg4+ 40. Kh5 Rg5+ 41. Kh4 Kg6 0-1

[Event "FIDE WCCC Open-12 2024"]
[Site "Montesilvano"]
[Date "2024.11.25"]
[Round "10.30"]
[White "Elhusseiny, Eyad"]
[Black "Konstantinides, Savvas"]
[Result "1-0"]
[ECO "A17"]
[WhiteElo "2017"]
[BlackElo "1839"]
[Annotator "NA RC"]
[PlyCount "79"]
[EventDate "2024.11.18"]
[EventType "swiss"]
[EventCountry "ITA"]
[SourceTitle "playchess.com"]
[Source "ChessBase"]
[SourceQuality "1"]
[TimeControl "5400+30"]

1. Nf3 Nf6 2. c4 e6 3. e3 d5 4. Nc3 Bb4 5. Qa4+ Nc6 6. cxd5 Nxd5 7. Bb5 Bxc3 8. Bxc6+ bxc6 9. bxc3 Bd7 10. Ba3 f6 11. O-O Kf7 12. Qc2 e5 13. d4 Bg4 14. Nd2 Re8 15. c4 Ne7 16. Nb3 Ng6 17. h3 Be6 18. Rad1 e4 19. Nc5 Qd6 20. Qa4 Bxh3 21. Nxe4 Qe6 22. f3 Nh4 23. Rd2 Qf5 24. gxh3 Nxf3+ 25. Rxf3 Qxf3 26. Ng5+ fxg5 27. Rf2 Qxf2+ 28. Kxf2 Re6 29. Qa5 Rae8 30. Qxc7+ Kg8 31. Bc1 h5 32. d5 Rf6+ 33. Ke2 cxd5 34. cxd5 Rf7 35. Qc6 Ref8 36. Qe6 Kh8 37. Qg6 Rf2+ 38. Kd3 Rxa2 39. Bd2 a5 40. Bc3 1-0

[Event "FIDE WCCC Open-12 2024"]
[Site "Montesilvano"]
[Date "2024.11.25"]
[Round "10.31"]
[White "Sason, Noam"]
[Black "Yang, Maxwell"]
[Result "1-0"]
[ECO "B50"]
[WhiteElo "2017"]
[BlackElo "1889"]
[Annotator "RC"]
[PlyCount "97"]
[EventDate "2024.11.18"]
[EventType "swiss"]
[EventCountry "ITA"]
[SourceTitle "playchess.com"]
[Source "ChessBase"]
[SourceQuality "1"]
[TimeControl "5400+30"]

1. e4 c5 2. Nf3 d6 3. Bc4 Nc6 4. Bb3 Nf6 5. d3 g6 6. O-O Bg7 7. Re1 O-O 8. c3 e5 9. Nbd2 Rb8 10. a4 a6 11. Nf1 b5 12. axb5 axb5 13. Bg5 Be6 14. Ne3 Qb6 15. Bxf6 Bxf6 16. Bd5 Ne7 17. Bxe6 fxe6 18. Qb3 Kf7 19. Ng4 h5 20. Nxf6 Kxf6 21. h4 Nc6 22. Ng5 Rfe8 23. Re3 Nd8 24. Rf3+ Kg7 25. Qd1 Rb7 26. Ra8 Ra7 27. Rc8 Rb7 28. Qb3 Rbe7 29. Qa2 c4 30. dxc4 Qb7 31. Rxd8 Rxd8 32. cxb5 Qd7 33. c4 d5 34. exd5 exd5 35. Qa6 Qd6 36. Qxd6 Rxd6 37. c5 Rdd7 38. b6 Re8 39. c6 Rd6 40. Rf7+ Kg8 41. Rc7 Rdd8 42. b7 d4 43. Rd7 Rxd7 44. cxd7 Rb8 45. Ne6 d3 46. Kf1 d2 47. Ke2 d1=Q+ 48. Kxd1 Kf7 49. d8=Q 1-0

[Event "FIDE WCCC Open-12 2024"]
[Site "Montesilvano"]
[Date "2024.11.25"]
[Round "10.32"]
[White "Dauren, Darmen"]
[Black "Bocquenet-Drouode, Hugo"]
[Result "1/2-1/2"]
[ECO "D02"]
[WhiteElo "1820"]
[BlackElo "2002"]
[Annotator "RC"]
[PlyCount "131"]
[EventDate "2024.11.18"]
[EventType "swiss"]
[EventCountry "ITA"]
[SourceTitle "playchess.com"]
[Source "ChessBase"]
[SourceQuality "1"]
[TimeControl "5400+30"]

1. d4 d5 2. Bf4 c5 3. e3 Nc6 4. Nf3 Nf6 5. Nc3 Bg4 6. Be2 e6 7. O-O cxd4 8. Nxd4 Bxe2 9. Qxe2 Bd6 10. Bxd6 Qxd6 11. Rfd1 O-O 12. Nf3 Qb4 13. Qb5 Rac8 14. Qxb4 Nxb4 15. a3 Na6 16. Ne5 Nc5 17. f3 Rfd8 18. Rd2 Ne8 19. Ne2 f6 20. Nd3 Nd6 21. Nxc5 Rxc5 22. Nf4 Kf7 23. Nd3 Rc7 24. c3 Nc4 25. Re2 Rd6 26. Kf2 e5 27. Rc1 a5 28. Rec2 Rb6 29. Re1 e4 30. Nf4 Rxb2 31. Rxb2 Nxb2 32. Rb1 Nd3+ 33. Nxd3 exd3 34. a4 Rxc3 35. Rxb7+ Kg6 36. Rd7 Rc5 37. Ke1 Rc2 38. Rxd5 Rxg2 39. Rxd3 Rxh2 40. Rd5 Rh5 41. Rb5 Re5 42. Kf2 Kf7 43. Rb7+ Re7 44. Rb5 Ra7 45. e4 g5 46. Kg3 Ra6 47. Rd5 Kg6 48. Rb5 h5 49. Rd5 Rb6 50. Rxa5 Rb3 51. Rf5 Ra3 52. a5 g4 53. Kh4 gxf3 54. Kg3 Ra4 55. Kxf3 Ra3+ 56. Kf4 h4 57. Rb5 h3 58. Rb2 Rxa5 59. Rh2 Ra3 60. Kg4 Ra4 61. Re2 f5+ 62. Kxh3 fxe4 63. Kg4 Rb4 64. Kf4 Ra4 65. Rxe4 Rxe4+ 66. Kxe4 1/2-1/2

[Event "FIDE WCCC Open-12 2024"]
[Site "Montesilvano"]
[Date "2024.11.25"]
[Round "10.33"]
[White "Miransh Vyas"]
[Black "Sun, Kevin"]
[Result "0-1"]
[ECO "D00"]
[WhiteElo "1705"]
[BlackElo "1966"]
[Annotator "RC"]
[PlyCount "130"]
[EventDate "2024.11.18"]
[EventType "swiss"]
[EventCountry "ITA"]
[SourceTitle "playchess.com"]
[Source "ChessBase"]
[SourceQuality "1"]
[TimeControl "5400+30"]

1. d4 Nf6 2. Nc3 d5 3. Bf4 a6 4. e3 h6 5. Nf3 e6 6. Bd3 c5 7. dxc5 Bxc5 8. O-O O-O 9. e4 Nc6 10. exd5 exd5 11. h3 b5 12. Ne2 Ra7 13. c3 Ne4 14. Ned4 Nxd4 15. Nxd4 Qf6 16. Be3 Re7 17. Re1 Rfe8 18. Qc2 b4 19. Rad1 bxc3 20. bxc3 Bd7 21. Be2 Qg6 22. Kh2 Bd6+ 23. Kg1 Bxh3 24. Bf3 Bd7 25. Qd3 Rc8 26. Rc1 Ba3 27. Rb1 Qd6 28. c4 dxc4 29. Qc2 Ng5 30. Bb7 Rc7 31. Nf5 Bxf5 32. Qxf5 g6 33. Qa5 Rxb7 34. Rbd1 Qb4 35. Qd8+ Kh7 36. Rf1 Ne6 37. Qa8 Red7 38. Rb1 Qxb1 39. Rxb1 Rxb1+ 40. Kh2 Bc5 41. Bxc5 Nxc5 42. Qc6 Rbb7 43. Qxc5 Rbc7 44. Qa3 c3 45. Qc1 c2 46. g4 Rd1 47. Qf4 c1=Q 48. Qxc1 Rcxc1 49. a4 Rc4 50. a5 Ra4 51. g5 Rxa5 52. gxh6 Rg5 53. f4 Kxh6 54. fxg5+ Kxg5 55. Kg2 a5 56. Kf3 a4 57. Ke2 Rd8 58. Ke3 a3 59. Ke4 a2 60. Ke3 a1=Q 61. Ke4 f5+ 62. Ke3 Qe1+ 63. Kf3 Rd3+ 64. Kg2 Rg3+ 65. Kh2 Qg1# 0-1

[Event "FIDE WCCC Open-12 2024"]
[Site "Montesilvano"]
[Date "2024.11.25"]
[Round "10.34"]
[White "Zhandos, Akarys"]
[Black "Yusupov, Rauf"]
[Result "1-0"]
[ECO "C43"]
[WhiteElo "1932"]
[BlackElo "1763"]
[Annotator "NA RC"]
[PlyCount "63"]
[EventDate "2024.11.18"]
[EventType "swiss"]
[EventCountry "ITA"]
[SourceTitle "playchess.com"]
[Source "ChessBase"]
[SourceQuality "1"]
[TimeControl "5400+30"]

1. e4 e5 2. Nf3 Nf6 3. d4 Nxe4 4. Bd3 d5 5. Nxe5 Bd6 6. Nc3 Nxc3 7. bxc3 Bxe5 8. dxe5 c5 9. O-O c4 10. Be2 O-O 11. Ba3 Re8 12. Bd6 Be6 13. f4 f5 14. Rb1 Qd7 15. Bf3 Qc6 16. Qd4 Nd7 17. Kh1 Nb6 18. Rfd1 Rad8 19. Bc5 Na4 20. Bd6 Nb6 21. h3 Rd7 22. Qe3 Nc8 23. Bb4 b6 24. Qf2 Qa4 25. Rd2 a5 26. Bd6 Qxa2 27. Re1 Nxd6 28. exd6 Rxd6 29. Rxd5 Rxd5 30. Bxd5 Kf7 31. Rxe6 Rxe6 32. Qe1 1-0

[Event "FIDE WCCC Open-12 2024"]
[Site "Montesilvano"]
[Date "2024.11.25"]
[Round "10.35"]
[White "Wang, Zihao(Sh)"]
[Black "Belyaletdinov, Leonard"]
[Result "1-0"]
[ECO "B18"]
[WhiteElo "1838"]
[BlackElo "1903"]
[Annotator "RC"]
[PlyCount "81"]
[EventDate "2024.11.18"]
[EventType "swiss"]
[EventCountry "ITA"]
[SourceTitle "playchess.com"]
[Source "ChessBase"]
[SourceQuality "1"]
[TimeControl "5400+30"]

1. e4 c6 2. d4 d5 3. Nd2 dxe4 4. Nxe4 Bf5 5. Ng3 Bg6 6. f4 Nf6 7. Nf3 h6 8. Ne5 Bh7 9. Bc4 Nd5 10. Qh5 g6 11. Qe2 Bg7 12. h4 f6 13. Nf3 O-O 14. Bd2 Kh8 15. Ne4 Nd7 16. O-O-O Qc7 17. Bxd5 cxd5 18. Nc3 Nb6 19. g4 Rac8 20. g5 Rfe8 21. gxh6 Bxh6 22. h5 g5 23. fxg5 fxg5 24. Nxg5 e5 25. Qf2 Rf8 26. Qh4 Nc4 27. Rhg1 Qb6 28. Na4 Qa6 29. b3 Na3 30. Nc5 Qd6 31. Kb2 exd4 32. Qxd4+ Bg7 33. Qxg7+ Kxg7 34. Nge4+ Kh8 35. Nxd6 Rxc5 36. Kxa3 Rxc2 37. Be3 Bg8 38. Bd4+ Kh7 39. Rg7+ Kh6 40. Rdg1 Bh7 41. Be3+ 1-0

[Event "FIDE WCCC Open-12 2024"]
[Site "Montesilvano"]
[Date "2024.11.25"]
[Round "10.36"]
[White "Anagnostopoulos, Panagiotis"]
[Black "Radnaev, Leo"]
[Result "0-1"]
[ECO "A15"]
[WhiteElo "1848"]
[BlackElo "1990"]
[Annotator "RC"]
[PlyCount "168"]
[EventDate "2024.11.18"]
[EventType "swiss"]
[EventCountry "ITA"]
[SourceTitle "playchess.com"]
[Source "ChessBase"]
[SourceQuality "1"]
[TimeControl "5400+30"]

1. Nf3 Nf6 2. c4 g6 3. b3 Bg7 4. Bb2 O-O 5. g3 d6 6. Bg2 e5 7. d3 a5 8. O-O Na6 9. Nfd2 Nd7 10. Nc3 c6 11. a3 Rb8 12. Rb1 Nf6 13. Na2 Re8 14. b4 axb4 15. axb4 d5 16. b5 cxb5 17. cxb5 Nc7 18. b6 Na6 19. Ba1 Qd6 20. Qb3 Be6 21. Rfc1 Nd7 22. Qb5 Rec8 23. Qb2 Bf6 24. Qb5 Kg7 25. Rxc8 Rxc8 26. Qb2 Rc6 27. e4 d4 28. Nc1 Rxb6 29. Qc2 Rxb1 30. Qxb1 Qb4 31. Qc2 Qc5 32. Qd1 Nb4 33. f4 Qc2 34. Qxc2 Nxc2 35. Bb2 Nc5 36. fxe5 Bg5 37. Nf3 Be3+ 38. Kf1 Na4 39. Nxd4 Bxd4 40. Bxd4 Nxd4 41. Kf2 Nc6 42. Ke3 Nxe5 43. d4 Ng4+ 44. Kd3 f6 45. d5 Bd7 46. Nb3 Kf7 47. Kd4 Ke7 48. h3 Nf2 49. h4 Kd6 50. Na5 Kc7 51. Nc4 Bb5 52. Na3 Ba6 53. e5 fxe5+ 54. Kxe5 b5 55. Ke6 Nc5+ 56. Ke7 Nb7 57. Nc2 Nd6 58. Nd4 Bc8 59. Bf1 Bd7 60. Bxb5 Nxb5 61. Nf3 Nd6 62. Ng5 h6 63. Nh7 Nfe4 64. Nf8 Bf5 65. g4 Bxg4 66. Nxg6 Nf5+ 67. Kf8 Kd6 68. Kg8 Kxd5 69. Kh7 Nf6+ 70. Kh8 Ke6 71. h5 Nxh5 72. Kh7 Nf6+ 73. Kh8 Nd5 74. Kh7 h5 75. Kh8 Bd1 76. Kh7 Bc2 77. Kh8 Bb1 78. Nf8+ Kf7 79. Nh7 Kg6 80. Nf8+ Kg5 81. Kh7 h4 82. Ne6+ Kg4 83. Nc5 h3 84. Nd7 h2 0-1

[Event "FIDE WCCC Open-12 2024"]
[Site "Montesilvano"]
[Date "2024.11.25"]
[Round "10.37"]
[White "El Zein, Bassam"]
[Black "Shirinov, Yashar"]
[Result "1-0"]
[ECO "A37"]
[WhiteElo "1947"]
[BlackElo "1642"]
[Annotator "NA RC"]
[PlyCount "57"]
[EventDate "2024.11.18"]
[EventType "swiss"]
[EventCountry "ITA"]
[SourceTitle "playchess.com"]
[Source "ChessBase"]
[SourceQuality "1"]
[TimeControl "5400+30"]

1. Nf3 c5 2. g3 g6 3. Bg2 Bg7 4. c4 Nc6 5. Nc3 e5 6. O-O Nge7 7. a3 d6 8. b4 O-O 9. Rb1 f5 10. Ne1 f4 11. d3 cxb4 12. axb4 Nf5 13. Nd5 Be6 14. e3 fxe3 15. Nxe3 Qd7 16. N3c2 Rac8 17. Nf3 h6 18. b5 Nce7 19. Re1 g5 20. Ba3 Ng6 21. Nd2 Rfd8 22. Ne4 Qf7 23. Ne3 Bf8 24. Qa4 Nd4 25. Bb2 Nf3+ 26. Bxf3 Qxf3 27. Qxa7 Rd7 28. Qa4 Qh5 29. Nf6+ 1-0

[Event "FIDE WCCC Open-12 2024"]
[Site "Montesilvano"]
[Date "2024.11.25"]
[Round "10.38"]
[White "Dos Santos, Leonardo Lopes"]
[Black "Padure, Dragos-Alexandru"]
[Result "0-1"]
[ECO "B23"]
[WhiteElo "1930"]
[BlackElo "1822"]
[Annotator "RC"]
[PlyCount "108"]
[EventDate "2024.11.18"]
[EventType "swiss"]
[EventCountry "ITA"]
[SourceTitle "playchess.com"]
[Source "ChessBase"]
[SourceQuality "1"]
[TimeControl "5400+30"]

1. e4 c5 2. Nc3 e6 3. f4 Nc6 4. Bb5 Nge7 5. Nf3 a6 6. Be2 d5 7. exd5 Nxd5 8. d3 Nxc3 9. bxc3 Be7 10. d4 Bf6 11. Be3 O-O 12. Ne5 Qa5 13. Qd2 Rd8 14. Rd1 Nxe5 15. fxe5 Bxe5 16. Bd3 cxd4 17. cxd4 Qxd2+ 18. Rxd2 Bc7 19. O-O Bd7 20. Rdf2 f6 21. Rb1 Bc6 22. Bc4 Kf7 23. Re2 b5 24. Bb3 Bd5 25. Kf2 Rd7 26. a4 Rb8 27. Bxd5 Rxd5 28. c4 bxc4 29. Rxb8 Bxb8 30. Rc2 Ba7 31. Rxc4 Kg6 32. Rc6 Kf5 33. Rxa6 Bxd4 34. Bxd4 Rxd4 35. Ra7 g5 36. a5 h5 37. a6 Ra4 38. Ra8 Ke4 39. a7 e5 40. Rf8 Rxa7 41. Rxf6 Ra2+ 42. Kg1 h4 43. h3 Kd3 44. Rf5 e4 45. Rd5+ Ke2 46. Rxg5 Ra1+ 47. Kh2 e3 48. Rh5 Kd1 49. Rd5+ Ke1 50. Re5 e2 51. Re8 Kd2 52. Rd8+ Kc3 53. Rc8+ Kd4 54. Rd8+ Kc5 0-1

[Event "FIDE WCCC Open-12 2024"]
[Site "Montesilvano"]
[Date "2024.11.25"]
[Round "10.39"]
[White "Zhang, Sean"]
[Black "Vinales Gonzalez, Enzo Mathias"]
[Result "0-1"]
[ECO "A48"]
[WhiteElo "1789"]
[BlackElo "1903"]
[Annotator "NA RC"]
[PlyCount "76"]
[EventDate "2024.11.18"]
[EventType "swiss"]
[EventCountry "ITA"]
[SourceTitle "playchess.com"]
[Source "ChessBase"]
[SourceQuality "1"]
[TimeControl "5400+30"]

1. d4 Nf6 2. Bf4 g6 3. e3 Bg7 4. Nf3 O-O 5. c3 d6 6. h3 b6 7. Be2 Bb7 8. O-O Nbd7 9. a4 Qe8 10. a5 e5 11. Bh2 Rb8 12. Nbd2 Ne4 13. dxe5 Nxe5 14. Nxe4 Bxe4 15. Nxe5 dxe5 16. axb6 Rxb6 17. Qa4 Bc6 18. Qc2 a6 19. e4 f5 20. f3 Qe7 21. Rxa6 fxe4 22. Rxb6 Qc5+ 23. Kh1 Qxb6 24. fxe4 Rb8 25. Bc4+ Kh8 26. b3 Qe3 27. Bd5 Bxd5 28. exd5 Rb5 29. c4 Rxb3 30. Qf2 Qxf2 31. Rxf2 Rb1+ 32. Bg1 e4 33. Rd2 Bc3 34. Re2 Bd4 35. Rxe4 Bxg1 36. g3 Bc5+ 37. Kg2 Rb2+ 38. Kf3 Rb3+ 0-1